Workbook

Sheet Instructions and Inputs
C3: Cells that have a BLUE background are inputs - only enter number into these cells.
C4: Cells in BLACK are formulas, and should not be altered.
C5: Please turn on "Iterative Calculations" to ensure that the formulas work correctly.
C6: On Windows: File -> Options -> Formulas -> Check "Enable Iterative Calculations".
C7: On MacOS: Excel Preferences -> Calculation -> Check "Use Iterative Calculation".
C9: This captable assumes that the minimum nominal value of company's shares is 0.01 EUR which is the default minimum value under law as of 1.08.2020.
C10: The Company's Articles of Association may provide that the minimum nominal value is higher, for example 1 EUR. This may be the case in particular If the company has been incorporated before 1.08.2020, considering that 1 EUR was the default minimum value under law before 1.08.2020.
C11: In the latter case, please consult your legal advisor before using this captable.

Sheet Cap Table
C3: Seed Funding Closing Date | H3: 46023
C4: Pre-Money Valuation | H4: 4000000
C5: Target Option Pool % of Post Seed Round Fully Diluted Share Capital | H5: 0.1
C6: Seed Investment | H6: =AA33 -> 1000000
C7: Post-Money Valuation | H7: =H4+H6 -> 5000000
C8: Fully Diluted Share Capital Before Conversion of Loans and SAFE | H8: =F33 -> 277778
C9: Required Seed Round Option Pool Expansion | H9: =IFERROR(ROUND(H5*H7/H11-F31,0),0) -> 37194
C10: FD Share Capital Before Seed Round (after loan conversion and OP expansion) | H10: =F33+R33+Y33+Z33 -> 442175
C11: Seed Price | H11: =ROUND(H4/H10,2) -> 9.05
C14: Common | H14: Convertible Loans and their conversion | T14: SAFE and its conversion | Z14: Seed | AA14: Seed | AE14: Total Shares
C15: Shareholder | D15: Common Shares | E15: Common Options | F15: Total Common | G15: % Common | H15: Loan Amount | I15: Disbursement Date | J15: Interest Rate | K15: Discount | L15: Valuation Cap | M15: Days | N15: Interest Accrued | O15: Loan + Interest | P15: Conv. Price at Disount | Q15: Conv. Price at Cap | R15: Conversion Shares | S15: % of Seed | T15: Investment | U15: Discount | V15: Valuation Cap | W15: Conv. Price at Discount | X15: Conv. Price at Cap | Y15: Conversion Shares | Z15: Option Pool Expansion | AA15: Cash Investment | AB15: Precise Investment | AC15: Seed Shares | AD15: % of Seed | AE15: Total | AF15: % FD
C17: Founder 1 | D17: 100000 | F17: =SUM(D17:E17) -> 100000 | G17: =IFERROR(F17/$F$33,0) -> 0.35999971 | AE17: =F17+R17+Y17+AC17 -> 100000 | AF17: =AE17/$AE$33 -> 0.18093882
C18: Founder 2 | D18: 65000 | F18: =SUM(D18:E18) -> 65000 | G18: =IFERROR(F18/$F$33,0) -> 0.23399981 | AE18: =F18+R18+Y18+AC18 -> 65000 | AF18: =AE18/$AE$33 -> 0.11761023
C19: Founder 3 | D19: 65000 | F19: =SUM(D19:E19) -> 65000 | G19: =IFERROR(F19/$F$33,0) -> 0.23399981 | AE19: =F19+R19+Y19+AC19 -> 65000 | AF19: =AE19/$AE$33 -> 0.11761023
C20: Founder 4 | D20: 20000 | F20: =SUM(D20:E20) -> 20000 | G20: =IFERROR(F20/$F$33,0) -> 0.071999942 | AE20: =F20+R20+Y20+AC20 -> 20000 | AF20: =AE20/$AE$33 -> 0.036187764
C21: Employee 1 | E21: 5556 | F21: =SUM(D21:E21) -> 5556 | G21: =IFERROR(F21/$F$33,0) -> 0.020001584 | AE21: =F21+R21+Y21+AC21 -> 5556 | AF21: =AE21/$AE$33 -> 0.010052961
C22: Employee 2 | E22: 2778 | F22: =SUM(D22:E22) -> 2778 | G22: =IFERROR(F22/$F$33,0) -> 0.010000792 | AE22: =F22+R22+Y22+AC22 -> 2778 | AF22: =AE22/$AE$33 -> 0.0050264804
C23: Advisor 1 | E23: 1389 | F23: =SUM(D23:E23) -> 1389 | G23: =IFERROR(F23/$F$33,0) -> 0.005000396 | AE23: =F23+R23+Y23+AC23 -> 1389 | AF23: =AE23/$AE$33 -> 0.0025132402
C24: Convertible Investor 1 | H24: 250000 | I24: 43891 | J24: 0.05 | K24: 0.15 | L24: 3000000 | M24: =$H$3-I24 -> 2132 | N24: =H24*(J24*M24/365) -> 73013.699 | O24: =H24+N24 -> 323013.7 | P24: =(1-K24)*$H$11 -> 7.6925 | Q24: =L24/$H$8 -> 10.799991 | R24: =ROUND(IFERROR(O24/MIN($H$11,P24,Q24),0),0) -> 41991 | S24: =IFERROR(R24/$R$33,0) -> 0.49985715 | AE24: =F24+R24+Y24+AC24 -> 41991 | AF24: =AE24/$AE$33 -> 0.07597802
C25: Convertible Investor 2 | H25: 150000 | I25: 43876 | J25: 0.05 | K25: 0.15 | L25: 3000000 | M25: =$H$3-I25 -> 2147 | N25: =H25*(J25*M25/365) -> 44116.438 | O25: =H25+N25 -> 194116.44 | P25: =(1-K25)*$H$11 -> 7.6925 | Q25: =L25/$H$8 -> 10.799991 | R25: =ROUND(IFERROR(O25/MIN($H$11,P25,Q25),0),0) -> 25235 | S25: =IFERROR(R25/$R$33,0) -> 0.30039521 | AE25: =F25+R25+Y25+AC25 -> 25235 | AF25: =AE25/$AE$33 -> 0.045659911
C26: Convertible Investor 3 | H26: 100000 | I26: 43900 | J26: 0.05 | K26: 0.15 | L26: 3000000 | M26: =$H$3-I26 -> 2123 | N26: =H26*(J26*M26/365) -> 29082.192 | O26: =H26+N26 -> 129082.19 | P26: =(1-K26)*$H$11 -> 7.6925 | Q26: =L26/$H$8 -> 10.799991 | R26: =ROUND(IFERROR(O26/MIN($H$11,P26,Q26),0),0) -> 16780 | S26: =IFERROR(R26/$R$33,0) -> 0.19974764 | AE26: =F26+R26++Y26+AC26 -> 16780 | AF26: =AE26/$AE$33 -> 0.030361534
C27: Pre-money SAFE Investor | T27: 150000 | U27: 0.1 | V27: 2500000 | W27: =(1-U27)*$H$11 -> 8.145 | X27: =V27/($H$8+H9) -> 7.9372135 | Y27: =ROUND(IFERROR(T27/MIN(W27,X27,$H$11),0),0) -> 18898 | AE27: =F27+R27++Y27+AC27 -> 18898 | AF27: =AE27/$AE$33 -> 0.034193818
C28: Post-money SAFE Investor | T28: 150000 | U28: 0.1 | V28: 2500000 | W28: =(1-U28)*$H$11 -> 8.145 | X28: =V28/($H$8+$R$33+Y33) -> 6.1731291 | Y28: =ROUND(IFERROR(T28/MIN(W28,X28,$H$11),0),0) -> 24299 | AE28: =F28+R28++Y28+AC28 -> 24299 | AF28: =AE28/$AE$33 -> 0.043966324
C29: Seed Investor 1 | AA29: 500000 | AB29: =ROUND(AC29*$H$11,2) -> 500003.45 | AC29: =IFERROR(ROUND(AA29/$H$11,0),0) -> 55249 | AD29: =IFERROR(AC29/$AC$33,0) -> 0.5 | AE29: =F29+R29+Y29+AC29 -> 55249 | AF29: =AE29/$AE$33 -> 0.099966888
C30: Seed Investor 2 | AA30: 500000 | AB30: =ROUND(AC30*$H$11,2) -> 500003.45 | AC30: =IFERROR(ROUND(AA30/$H$11,0),0) -> 55249 | AD30: =IFERROR(AC30/$AC$33,0) -> 0.5 | AE30: =F30+R30+Y30+AC30 -> 55249 | AF30: =AE30/$AE$33 -> 0.099966888
C31: Pre-investment Option Pool | E31: 18055 | F31: =SUM(D31:E31) -> 18055 | G31: =IFERROR(F31/$F$33,0) -> 0.064997948 | AE31: =F31+R31+Y31+AC31 -> 18055 | AF31: =AE31/$AE$33 -> 0.032668504
C32: Option Pool Expansion | Z32: =H9 -> 37194 | AE32: =Z32 -> 37194 | AF32: =AE32/$AE$33 -> 0.067298384
C33: Total | D33: =SUM(D17:D32) -> 250000 | E33: =SUM(E17:E32) -> 27778 | F33: =SUM(F17:F32) -> 277778 | G33: =SUM(G17:G32) -> 1 | H33: =H24+H25+H26 -> 500000 | R33: =SUM(R17:R31) -> 84006 | S33: =SUM(S17:S32) -> 1 | Y33: =SUM(Y17:Y32) -> 43197 | Z33: =SUM(Z17:Z32) -> 37194 | AA33: =SUM(AA17:AA32) -> 1000000 | AC33: =SUM(AC17:AC32) -> 110498 | AE33: =SUM(AE17:AE32) -> 552673 | AF33: =SUM(AF17:AF32) -> 1
C36: Cap Table | D36: Pre-Seed | F36: Post-Seed
C37: Summary | D37: Fully Diluted | E37: FD % | F37: Fully Diluted | G37: FD%
C38: Founders | D38: =SUM(F17:F20) -> 250000 | E38: =D38/$D$44 -> 0.89999928 | F38: =SUM(AE17:AE20) -> 250000 | G38: =F38/$F$44 -> 0.4731497
C39: Employees and Advisors | D39: =SUM(E21:E23) -> 9723 | E39: =D39/$D$44 -> 0.035002772 | F39: =SUM(AE21:AE23) -> 9723 | G39: =F39/$F$44 -> 0.018401738
C40: Option Pool | D40: =E31 -> 18055 | E40: =D40/$D$44 -> 0.064997948 | F40: =SUM(AE31:AE32) -> 55249 | G40: =F40/$F$44 -> 0.10456419
C41: Convertible Investors | F41: =SUM(AE24:AE26) -> 84006 | G41: =F41/$F$44 -> 0.15898966
C42: SAFE | F42: =AE27 -> 18898 | G42: =F42/$F$44 -> 0.035766332
C43: Seed Investors | F43: =SUM(AE29:AE30) -> 110498 | G43: =F43/$F$44 -> 0.20912838
C44: TOTAL | D44: =SUM(D38:D43) -> 277778 | E44: =SUM(E38:E43) -> 1 | F44: =SUM(F38:F43) -> 528374 | G44: =SUM(G38:G43) -> 1

Sheet Summary
C3: Pre-investment | F3: Investment | K3: Post-investment
C4: Shareholder | D4: Common Shares | E4: % FD | F4: Conversion Seed Preferred Shares | G4: Cash Investment | H4: New Seed Preferred Shares | I4: % of Seed | J4: Opt. Pool Expansion | K4: Common Shares | L4: Seed Preferred Shares | M4: Total Shares | N4: % UD | O4: % FD
C6: ='Cap Table'!C17 -> Founder 1 | D6: ='Cap Table'!D17 -> 100000 | E6: =IFERROR(D6/$D$19,0) -> 0.35999971 | F6: ='Cap Table'!R17 -> 0 | H6: ='Cap Table'!AC17 -> 0 | I6: =H6/$H$19 -> 0 | K6: =D6 -> 100000 | L6: =F6+H6 -> 0 | M6: =K6+L6 -> 100000 | N6: =M6/($M$19-$M$18-$M$17) -> 0.20504366 | O6: =M6/$M$19 -> 0.18093882
C7: ='Cap Table'!C18 -> Founder 2 | D7: ='Cap Table'!D18 -> 65000 | E7: =IFERROR(D7/$D$19,0) -> 0.23399981 | F7: ='Cap Table'!R18 -> 0 | H7: ='Cap Table'!AC18 -> 0 | I7: =H7/$H$19 -> 0 | K7: =D7 -> 65000 | L7: =F7+H7 -> 0 | M7: =K7+L7 -> 65000 | N7: =M7/($M$19-$M$18-$M$17) -> 0.13327838 | O7: =M7/$M$19 -> 0.11761023
C8: ='Cap Table'!C19 -> Founder 3 | D8: ='Cap Table'!D19 -> 65000 | E8: =IFERROR(D8/$D$19,0) -> 0.23399981 | F8: ='Cap Table'!R19 -> 0 | H8: ='Cap Table'!AC19 -> 0 | I8: =H8/$H$19 -> 0 | K8: =D8 -> 65000 | L8: =F8+H8 -> 0 | M8: =K8+L8 -> 65000 | N8: =M8/($M$19-$M$18-$M$17) -> 0.13327838 | O8: =M8/$M$19 -> 0.11761023
C9: ='Cap Table'!C20 -> Founder 4 | D9: ='Cap Table'!D20 -> 20000 | E9: =IFERROR(D9/$D$19,0) -> 0.071999942 | F9: ='Cap Table'!R20 -> 0 | H9: ='Cap Table'!AC20 -> 0 | I9: =H9/$H$19 -> 0 | K9: =D9 -> 20000 | L9: =F9+H9 -> 0 | M9: =K9+L9 -> 20000 | N9: =M9/($M$19-$M$18-$M$17) -> 0.041008733 | O9: =M9/$M$19 -> 0.036187764
C10: ='Cap Table'!C24 -> Convertible Investor 1 | D10: ='Cap Table'!D24 -> 0 | E10: =IFERROR(D10/$D$19,0) -> 0 | F10: ='Cap Table'!R24 -> 41991 | H10: ='Cap Table'!AC24 -> 0 | I10: =(F10+H10)/($F$19+$H$19) -> 0.1766547 | K10: =D10 -> 0 | L10: =F10+H10 -> 41991 | M10: =K10+L10 -> 41991 | N10: =M10/($M$19-$M$18-$M$17) -> 0.086099885 | O10: =M10/$M$19 -> 0.07597802
C11: ='Cap Table'!C25 -> Convertible Investor 2 | D11: ='Cap Table'!D25 -> 0 | E11: =IFERROR(D11/$D$19,0) -> 0 | F11: ='Cap Table'!R25 -> 25235 | H11: ='Cap Table'!AC25 -> 0 | I11: =(F11+H11)/($F$19+$H$19) -> 0.10616278 | K11: =D11 -> 0 | L11: =F11+H11 -> 25235 | M11: =K11+L11 -> 25235 | N11: =M11/($M$19-$M$18-$M$17) -> 0.051742769 | O11: =M11/$M$19 -> 0.045659911
C12: ='Cap Table'!C26 -> Convertible Investor 3 | D12: ='Cap Table'!D26 -> 0 | E12: =IFERROR(D12/$D$19,0) -> 0 | F12: ='Cap Table'!R26 -> 16780 | H12: ='Cap Table'!AC26 -> 0 | I12: =(F12+H12)/($F$19+$H$19) -> 0.070592888 | K12: =D12 -> 0 | L12: =F12+H12 -> 16780 | M12: =K12+L12 -> 16780 | N12: =M12/($M$19-$M$18-$M$17) -> 0.034406327 | O12: =M12/$M$19 -> 0.030361534
C13: ='Cap Table'!C27 -> Pre-money SAFE Investor | D13: ='Cap Table'!D27 -> 0 | E13: =IFERROR(D13/$D$19,0) -> 0 | F13: ='Cap Table'!Y27 -> 18898 | H13: ='Cap Table'!AC27 -> 0 | I13: =(F13+H13)/($F$19+$H$19) -> 0.079503241 | K13: =D13 -> 0 | L13: =F13+H13 -> 18898 | M13: =K13+L13 -> 18898 | N13: =M13/($M$19-$M$18-$M$17) -> 0.038749152 | O13: =M13/$M$19 -> 0.034193818
C14: ='Cap Table'!C28 -> Post-money SAFE Investor | D14: ='Cap Table'!D28 -> 0 | E14: =IFERROR(D14/$D$19,0) -> 0 | F14: ='Cap Table'!Y28 -> 24299 | H14: ='Cap Table'!AC28 -> 0 | I14: =(F14+H14)/($F$19+$H$19) -> 0.10222506 | K14: =D14 -> 0 | L14: =F14+H14 -> 24299 | M14: =K14+L14 -> 24299 | N14: =M14/($M$19-$M$18-$M$17) -> 0.04982356 | O14: =M14/$M$19 -> 0.043966324
C15: ='Cap Table'!C29 -> Seed Investor 1 | D15: ='Cap Table'!D29 -> 0 | E15: =IFERROR(D15/$D$19,0) -> 0 | F15: ='Cap Table'!R29 -> 0 | G15: ='Cap Table'!AB29 -> 500003.45 | H15: ='Cap Table'!AC29 -> 55249 | I15: =(F15+H15)/($F$19+$H$19) -> 0.23243066 | K15: =D15 -> 0 | L15: =F15+H15 -> 55249 | M15: =K15+L15 -> 55249 | N15: =M15/($M$19-$M$18-$M$17) -> 0.11328457 | O15: =M15/$M$19 -> 0.099966888
C16: ='Cap Table'!C30 -> Seed Investor 2 | D16: ='Cap Table'!D30 -> 0 | E16: =IFERROR(D16/$D$19,0) -> 0 | F16: ='Cap Table'!R30 -> 0 | G16: ='Cap Table'!AB30 -> 500003.45 | H16: ='Cap Table'!AC30 -> 55249 | I16: =(F16+H16)/($F$19+$H$19) -> 0.23243066 | K16: =D16 -> 0 | L16: =F16+H16 -> 55249 | M16: =K16+L16 -> 55249 | N16: =M16/($M$19-$M$18-$M$17) -> 0.11328457 | O16: =M16/$M$19 -> 0.099966888
C17: Allocated Option Pool | D17: ='Cap Table'!F21+'Cap Table'!F22+'Cap Table'!F23 -> 9723 | E17: =IFERROR(D17/$D$19,0) -> 0.035002772 | F17: 0 | H17: 0 | I17: =H17/$H$19 -> 0 | K17: =D17 -> 9723 | L17: =F17+H17 -> 0 | M17: =K17+L17 -> 9723 | O17: =M17/$M$19 -> 0.017592681
C18: Unallocated Option Pool | D18: ='Cap Table'!F31 -> 18055 | E18: =IFERROR(D18/$D$19,0) -> 0.064997948 | F18: 0 | H18: 0 | I18: =H18/$H$19 -> 0 | J18: ='Cap Table'!Z32 -> 37194 | K18: =D18+J18 -> 55249 | L18: =F18+H18 -> 0 | M18: =K18+L18 -> 55249 | O18: =M18/$M$19 -> 0.099966888
C19: Total | D19: =SUM(D6:D18) -> 277778 | E19: =SUM(E6:E18) -> 1 | F19: =SUM(F6:F18) -> 127203 | H19: =SUM(H6:H18) -> 110498 | I19: =SUM(I6:I18) -> 1 | K19: =SUM(K6:K18) -> 314972 | L19: =SUM(L6:L18) -> 237701 | M19: =SUM(M6:M18) -> 552673 | N19: =SUM(N6:N16) -> 1 | O19: =SUM(O6:O18) -> 1
